AoeStats
← 40 vacas

Arabia

507160059Analyzed
1v1 RM · 15d ago on Sep 16, 2026· 52m 5s· 2 players
Game mode
Random Map
Map size
Tiny (2 player)
Population
200
Speed
Normal
Resources
Standard
Victory
Conquest
Starting age
Dark Age
Ending age
Imperial Age
RankedLock teamsTeams togetherTeam positionsShared explorationLock speedFull tech treeHidden civsTurbo modeCheats
Victory
Defeat
🇲🇽 Malians · Mexico
1406
+15
🇧🇷 Wu · Brazil
1394
-15
Tramonta
9:49 Loom
11:49 Feudal Age
13:32 Double-Bit Axe
19:55 Wheelbarrow
23:41 Castle Age
23:44 Scale Mail Armor
24:58 Bow Saw
24:30 Horse Collar
25:27 Forging
25:44 Squires
27:55 Chain Mail Armor
28:13 Arson
33:04 Pikeman
35:32 Town Watch
40:15 Iron Casting
43:37 Imperial Age
41:48 Heavy Plow
41:51 Gold Mining
43:44 Hand Cart
43:29 Town Patrol
43:44 Halberdier
48:18 Plate Mail Armor
47:59 Elite Skirmisher
49:16 Fletching
49:57 Bodkin Arrow
50:50 Conscription
52:07 Bracer
40 vacas
7:17 Loom
9:55 Feudal Age
10:11 Man-at-Arms
17:30 Double-Bit Axe
21:46 Castle Age
21:34 Bloodlines
21:58 Scale Barding Armor
27:04 Chain Barding Armor
30:40 Fletching
31:01 Forging
35:58 Scale Mail Armor
36:34 Iron Casting
36:03 Husbandry
38:09 Bodkin Arrow
39:21 Wheelbarrow
38:45 Horse Collar
39:19 Town Watch
43:08 Hand Cart
46:30 Imperial Age
45:16 Scale Mail Armor
46:42 Chain Mail Armor
48:20 Plate Mail Armor
48:38 Conscription
48:24 Elite Gbeto
Connection lost

Rejoining the realm…

Still unreachable

The connection could not be restored.

Session expired

The server has moved on; the page needs a fresh start.